 Dungeon Crawl Stone Soup version 0.25-a0-547-g27a0b5d1ef (webtiles) character file.

Game seed: 7916938872842304534, levelgen mode: classic

65 EnegeticOcto the Shield-Bearer (level 3, 0/34 HPs)
             Began as a Deep Dwarf Fighter on Feb 21, 2020.
             Slain by an ogre
             ... wielding a +0 giant club
              (14 damage)
             ... on level 3 of the Dungeon.
             The game lasted 00:00:48 (711 turns).

EnegeticOcto the Shield-Bearer (Deep Dwarf Fighter)  Turns: 711, Time: 00:00:48

Health: 0/34       AC:  6    Str: 20    XL:     3   Next: 92%
Magic:  2/2        EV:  8    Int:  8    God:
Gold:   61         SH:  9    Dex: 12    Spells: 2/2 levels left

rFire    + . .     SeeInvis .   a - +0 war axe
rCold    . . .     Gourm    .   c - +0 kite shield
rNeg     . . .     Faith    .   b - +0 scale mail
rPois    .         Spirit   .   (no helmet)
rElec    .         Reflect  .   (no cloak)
rCorr    .         Harm     .   (no gloves)
MR       .....                  (no boots)
Stlth    ..........             (no amulet)
HPRegen  0.00/turn              m - ring of protection from fire
MPRegen  0.08/turn              (no ring)

@: non-regenerating
A: damage resistance, heal wounds, sense surroundings 1, no regeneration
a: Heal Wounds


You were on level 3 of the Dungeon.
You were not hungry.

You visited 1 branch of the dungeon, and saw 3 of its levels.

You collected 61 gold pieces.

Inventory:

Hand Weapons
 a - a +0 war axe (weapon)
Armour
 b - a +0 scale mail (worn)
 c - a +0 kite shield (worn)
Jewellery
 m - a ring of protection from fire (left hand)
Wands
 o - a wand of digging (5) {@v2}
Scrolls
 d - a scroll of remove curse {unknown}
 f - a scroll of teleportation {unknown}
 h - a scroll of random uselessness {unknown}
 l - a scroll of fear {unknown}
 p - 2 scrolls of identify {unknown}
 q - a scroll of enchant armour {unknown}
Potions
 g - a potion of curing {unknown}
 i - a potion of brilliance {unknown}
 j - a potion of heal wounds {unknown}
 k - a potion of might {@q3}
 n - a potion of magic {unknown}
Comestibles
 e - 4 rations
 r - 3 chunks of flesh


   Skills:
 * Level 3.2 Fighting
 * Level 3.1 Axes
 + Level 3.5 Armour
 + Level 1.4 Dodging
 + Level 3.6 Shields


You had 2 spell levels left.
You didn't know any spells.
Your spell library was empty.

Dungeon Overview and Level Annotations

Branches:
Dungeon (3/15)

Altars:
Dithmenos
Okawaru


Innate Abilities, Weirdness & Mutations

You are resistant to damage.
You can heal yourself by infusing magical energy.
You passively map a small area around you.
You do not regenerate.


Message History

You see here a bat corpse.
A rat is nearby!
A rat is nearby!
No target in view!
No target in view!
No target in view!
The rat is too close now for your liking.
You see here a bat corpse.
A rat is nearby!
A rat is nearby!
A rat is nearby!
The rat closely misses you.
You closely miss the rat.
A rat comes into view.
The rat bites you.
You closely miss the rat. The rat barely misses you.
You block the rat's attack.
You slash the rat!
You kill the rat!
The rat bites you but does no damage.
You hit the rat but do no damage. The rat bites you but does no damage.
You slash the rat!
You kill the rat!
No target in view!
No target in view!
You butcher the rat corpse.
r - 2 chunks of flesh (gained 1)
You see here a rat skeleton. x2
You butcher the bat corpse.
r - 3 chunks of flesh (gained 1)
You see here a bat skeleton. x2
A bat comes into view.
A hobgoblin and an ogre come into view.
The ogre shouts!
The hobgoblin shouts!
You hear a shout!
The bat barely misses you.
Found 24 stones.
The bat barely misses you. The bat barely misses you.
The bat closely misses you.
You closely miss the bat. You block the bat's attack.
A kobold comes into view.
A goblin comes into view.
The kobold shouts!
You hit the ogre.
The ogre is lightly wounded.
The bat barely misses you. The ogre barely misses you.
Your shield and scale mail prevent you from hitting the ogre.
The ogre is lightly wounded.
You slash the hobgoblin!
You kill the hobgoblin!
The bat barely misses you. The ogre hits you with a +0 giant club!
You barely miss the ogre.
The ogre is lightly wounded.
You block the bat's attack. You block the ogre's attack.
Your shield prevents you from hitting the ogre.
The ogre is lightly wounded.
The bat barely misses you. The ogre barely misses you.
The ogre hits you with a +0 giant club!!
* * * LOW HITPOINT WARNING * * *
You are too injured to fight recklessly!
You are too injured to fight recklessly!
You are too injured to fight recklessly!
You are too injured to fight recklessly!
You are too injured to fight recklessly!
You are too injured to fight recklessly!
You are too injured to fight recklessly!
You are too injured to fight recklessly!
You are too injured to fight recklessly!
You are too injured to fight recklessly!
You are too injured to fight recklessly!
You are too injured to fight recklessly!
You feel much better. The kobold hits you but does no damage.
You feel much better. You block the bat's attack.
You block the kobold's attack. You block the ogre's attack.
The goblin hits you but does no damage.
You hit the ogre.
The ogre is lightly wounded.
You closely miss the goblin. You closely miss the kobold.
You block the bat's attack. You block the kobold's attack.
The ogre hits you with a +0 giant club! The goblin barely misses you.
The kobold hits you but does no damage.
You hit the ogre.
The ogre is moderately wounded.
You closely miss the kobold. You closely miss the bat. You slash the goblin!
You kill the goblin!
The bat hits you. You block the ogre's attack. The kobold barely misses you.
The bat hits you but does no damage.
You slash the ogre!
The ogre is heavily wounded.
You closely miss the bat.
Your shield and scale mail prevent you from hitting the kobold.
The bat hits you but does no damage. You block the bat's attack.
The ogre hits you with a +0 giant club! The kobold hits you but does no damage.
The bat closely misses you. The kobold hits you but does no damage.
The ogre hits you with a +0 giant club!
You slash the ogre!
The ogre is severely wounded.
You barely miss the kobold. You closely miss the bat.
The bat hits you but does no damage. You block the kobold's attack.
The ogre hits you with a +0 giant club!
You die...

* #......##.##...##
+...รท..#...#..... * *
#..............##
####........_....## ,
#................#
.####.....#...#...#..#
.....b....###.##.##.##
......)...# #.......#
(.....O@..# #........
......K...# #........
* .....8.8..#
##.......,
...8.....8.# , *
...........# , ,
....##+##..# , *,
,...# , #.# , ...,
*,.# , , , , , ,*


You could see an ogre, a bat and a kobold.

Vanquished Creatures
  Jessica (D:2)
  An adder skeleton (D:2)
  2 dart slugs (D:1)
  A leopard gecko (D:1)
  2 bats
  2 giant cockroaches
  3 goblins
  5 hobgoblins
  A ball python (D:3)
  3 frilled lizards
  7 kobolds
  5 rats
33 creatures vanquished.

Notes
Turn   | Place    | Note
-------+----------+-------------------------------------------
     0 | D:1      | EnegeticOcto the Deep Dwarf Fighter began the quest for the
                  | Orb.
     0 | D:1      | Reached XP level 1. HP: 20/20 MP: 1/1
   269 | D:1      | Reached XP level 2. HP: 24/27 MP: 2/2
   440 | D:2      | Noticed Jessica
   470 | D:2      | Killed Jessica
   470 | D:2      | Reached skill level 1 in Dodging
   470 | D:2      | Reached XP level 3. HP: 31/34 MP: 2/2
   648 | D:3      | Found an iron altar of Okawaru.
   671 | D:3      | Found a shadowy altar of Dithmenos.
   697 | D:3      | Noticed an ogre
   705 | D:3      | HP: 1/34 [ogre/+0 giant club (15)]
   711 | D:3      | Slain by an ogre

Levels and vault maps discovered:
D:1:      nicolae_arrival_memento_mori, layout_loops_corners,
          minmay_misc_feat_encased, minmay_pentomino_v4
D:2:      layout_basic, uniq_jessica
D:3:      layout_basic, elyvilon_altar_5, okawaru_gym_becter, zin_statuary,
          first_ration, grunt_dithmenos_smoke_and_mirrors

Skill      XL: |  1  2 |
---------------+-------+-----
Fighting       | 3 |  3.2
Axes           | 3 |  3.1
Dodging        | 1 |  1.4
Armour         | |  3.5
Shields        | |  3.6

Action                   || total
-------------------------++-------
Melee: War axe           ||   108
 Abil: Heal Wounds       ||     3
Armor: Scale mail        ||    51
Dodge: Dodged            ||    45
Block: Kite shield       ||    46

Table legend:
 A = Non-vault XP
 B = Vault XP
 C = Vault XP percentage of total XP
 D = Non-vault monster count
 E = Vault monster count
 F = Vault count percentage of total count
                 A         B        C        D         E       F
            +---------+---------+-------+---------+---------+-------
      Total |      56 |      37 |  39.8 |      32 |       1 |   3.0
            +---------+---------+-------+---------+---------+-------
        D:1 |      32 |       0 |   0.0 |      17 |       0 |   0.0
        D:2 |      10 |      37 |  78.7 |       5 |       1 |  16.7
        D:3 |      14 |       0 |   0.0 |      10 |       0 |   0.0
            +---------+---------+-------+---------+---------+-------
